 Dungeon Crawl Stone Soup version 0.21.1-1-g345015f (webtiles) character file.

1940 Kairos the Cudgeler (level 9, -1/67 HPs)
             Began as a Human Fighter on Mar 28, 2018.
             Was a Believer of Okawaru.
             Slain by a yak (7 damage)
             ... on level 7 of the Dungeon.
             The game lasted 00:10:01 (6174 turns).

Kairos the Cudgeler (Human Fighter)                 Turns: 6174, Time: 00:10:03

Health: -1/67      AC:  8    Str: 18    XL:     9   Next: 41%
Magic:  9/9        EV: 11    Int: 11    God:    Okawaru [**....]
Gold:   354        SH: 14    Dex: 14    Spells: 4/8 levels left

rFire    . . .     SeeInvis .   a - +1 flail
rCold    . . .     Gourm    .   c - +0 shield
rNeg     . . .     Faith    .   h - +0 ring mail {rPois}
rPois    +         Spirit   .   (helmet restricted)
rElec    .         Reflect  +   (no cloak)
rCorr    +         Harm     .   r - +0 pair of gloves (curse)
MR       .....                  i - +0 pair of boots
Stlth    +.........             m - +4 amulet of reflection
HPRegen  0.21/turn              x - ring of resist corrosion
MPRegen  0.11/turn              (no ring)

@: no status effects
A: horns 1, clever 1, evolution 1, subdued magic 1
a: Heroism, Renounce Religion


You were on level 7 of the Dungeon.
You worshipped Okawaru.
Okawaru was pleased with you.
You were near starving.

You visited 1 branch of the dungeon, and saw 7 of its levels.

You collected 354 gold pieces.

Inventory:

Hand Weapons
 a - a +1 flail (weapon)
Armour
 b - a +0 scale mail
 c - a +0 shield (worn)
 h - a +0 ring mail of poison resistance (worn)
 i - a +0 pair of boots (worn)
 r - a cursed +0 pair of gloves (worn)
Jewellery
 m - a +4 amulet of reflection (around neck)
 x - a ring of resist corrosion (left hand)
Wands
 s - a wand of acid (8)
 E - a wand of iceblast (6)
 G - a wand of scattershot (4)
Scrolls
 e - 2 scrolls of magic mapping
 g - 2 scrolls of teleportation
 n - a scroll of random uselessness {unknown}
 p - a scroll of identify
 q - 3 scrolls of blinking
 t - a scroll of amnesia {unknown}
 u - a scroll of acquirement {unknown}
 v - a scroll of noise
 y - 3 scrolls of fog {unknown}
 z - a scroll of remove curse {unknown}
 A - a scroll of enchant armour {unknown}
Potions
 d - a potion of might
 j - 3 potions of agility
 k - a potion of ambrosia {unknown}
 l - a potion of curing {unknown}
 D - a potion of haste {unknown}
 F - a potion of heal wounds
Books
 o - a book of Battle

   Spells                             Type                      Level
   a - Infusion                       Charms                       1
   b - Shroud of Golubria             Charms/Translocation         2
   c - Song of Slaying                Charms                       2
   d - Spectral Weapon                Hexes/Charms                 3
   e - Regeneration                   Charms/Necromancy            3
 w - a book of Maledictions

   Spells                             Type                      Level
   a - Corona                         Hexes                        1
   b - Ensorcelled Hibernation        Hexes/Ice                    2
   c - Confuse                        Hexes                        3
   d - Tukima's Dance                 Hexes                        3
   e - Dazzling Spray                 Conjuration/Hexes            3
 B - a book of Debilitation

   Spells                             Type                      Level
   a - Corona                         Hexes                        1
   b - Slow                           Hexes                        2
   c - Inner Flame                    Hexes/Fire                   3
   d - Portal Projectile              Hexes/Translocation          3
   e - Cause Fear                     Hexes                        4
   f - Leda's Liquefaction            Hexes/Earth                  4
Comestibles
 f - 13 rations


   Skills:
 + Level 4.9 Fighting
 + Level 7.2 Maces & Flails
 + Level 5.5 Armour
 + Level 3.6 Dodging
 + Level 0.5 Stealth
 + Level 6.6 Shields
 + Level 0.1 Invocations


You had 4 spell levels left.
You knew the following spells:

 Your Spells              Type           Power        Failure   Level  Hunger
a - Confuse               Hex            #.......     99%         3    ####...
b - Infusion              Chrm           #...         85%         1    ##.....


Dungeon Overview and Level Annotations

Branches:
Dungeon (7/15)
 Temple: D:4-7

Altars:
Okawaru
Qazlal
Ru
Sif Muna
Vehumet
Wu Jian
Xom
Zin

Shops:
D:6 (*}(:


Innate Abilities, Weirdness & Mutations

You have a pair of small horns on your head.
Your mind is acute. (Int +2)
You evolve.
Your spells are a little easier to cast, but a little less powerful.


Message History

You kill the yak!
Okawaru accepts your kill.
You feel much better. The yak completely misses you.
You hit the yak. Your headbutt misses the yak.
The yak is lightly wounded.
You block the yak's attack.
You hit the yak.
The yak is lightly wounded.
The yak gores you.
* * * LOW HITPOINT WARNING * * *
You thump the yak!
The yak is heavily wounded.
The yak gores you.
* * * LOW HITPOINT WARNING * * *
The yak gores you!
* * * LOW HITPOINT WARNING * * *
You sock the yak!
The yak is heavily wounded.
The yak gores you!
You die...

.Y...##
.....### .
......#..
#?.......
#.##...#.
#.##ww......
#...wY######
#####Y# #@#
######.###
..........#
##.####.#.#
#.#.# #.#.#
#.#.# ..#.#
..#.#


You could see 2 yaks and 3 dart slugs.

Vanquished Creatures
  4 yaks (D:7)
  Menkaure (D:5)
  An orc warrior (D:6)
  A phantom (D:6)
  3 ogres
  A bullfrog (D:7)
  A scorpion (D:5)
  A howler monkey (D:4)
  A jelly (D:5)
  A hound (D:6)
  4 orc wizards
  2 orc priests (D:4)
  2 iguanas
  A bullfrog skeleton (D:6)
  5 worker ants
  A worker ant zombie (D:4)
  8 adders
  4 gnolls (D:6)
  A shadow imp (D:6)
  An adder skeleton (D:4)
  3 worms (D:3)
  2 dart slugs
  A leopard gecko (D:2)
  16 orcs
  6 bats
  6 giant cockroaches
  8 goblins
  7 hobgoblins
  3 jackals
  6 kobolds
  3 quokkas
  A ball python (D:3)
  5 frilled lizards
  A jackal zombie (D:6)
  A leopard gecko skeleton (D:4)
  A leopard gecko zombie (D:5)
  9 rats
123 creatures vanquished.

Vanquished Creatures (others)
  A kobold (D:3)
1 creature vanquished.

Grand Total: 124 creatures vanquished

Notes
Turn   | Place    | Note
-------+----------+-------------------------------------------
     0 | D:1      | Kairos the Human Fighter began the quest for the Orb.
     0 | D:1      | Reached XP level 1. HP: 18/18 MP: 1/1
   160 | D:1      | Reached XP level 2. HP: 17/24 MP: 2/2
   844 | D:2      | Found a transporter.
   859 | D:2      | Found a transporter.
   859 | D:2      | Found a glowing silver altar of Zin.
   921 | D:2      | Reached XP level 3. HP: 29/29 MP: 3/3
   989 | D:2      | Found a deep blue altar of Sif Muna.
  1395 | D:2      | Reached skill level 3 in Maces & Flails
  1396 | D:2      | Reached XP level 4. HP: 32/35 MP: 4/4
  1988 | D:3      | Reached XP level 5. HP: 17/41 MP: 5/5
  2515 | D:3      | Reached skill level 1 in Dodging
  2611 | D:3      | Learned a level 3 spell: Confuse
  2624 | D:4      | Found a sacrificial altar of Ru.
  2646 | D:4      | Reached XP level 6. HP: 29/47 MP: 6/6
  2935 | D:4      | Reached skill level 4 in Maces & Flails
  3151 | D:4      | Gained mutation: Your spells are a little easier to cast, but a little less powerful. [potion of mutation]
  3151 | D:4      | Gained mutation: You evolve. [potion of mutation]
  3151 | D:4      | Gained mutation: Your mind is acute. (Int +2) [potion of mutation]
  3500 | D:4      | Reached XP level 7. HP: 44/53 MP: 7/7
  3567 | D:4      | Found an iron altar of Okawaru.
  3584 | D:4      | Became a worshipper of Warmaster Okawaru
  3618 | D:4      | Found a shimmering altar of Xom.
  3618 | D:4      | Found a shimmering altar of Xom.
  3618 | D:4      | Found a shimmering altar of Xom.
  3619 | D:4      | Found a shimmering altar of Xom.
  3620 | D:4      | Found a shimmering altar of Xom.
  3627 | D:4      | Found a shimmering altar of Xom.
  3627 | D:4      | Found a shimmering altar of Xom.
  3776 | D:4      | Reached skill level 5 in Maces & Flails
  4285 | D:5      | Entered Level 5 of the Dungeon
  4354 | D:5      | Found a radiant altar of Vehumet.
  4376 | D:5      | Learned a level 1 spell: Infusion
  4896 | D:5      | Found an iron altar of Okawaru.
  5040 | D:5      | Noticed Menkaure
  5050 | D:5      | Killed Menkaure
  5050 | D:5      | Reached XP level 8. HP: 36/60 MP: 8/8
  5071 | D:5      | Found an ornate altar of the Wu Jian Council.
  5262 | D:2      | Reached * piety under Okawaru
  5262 | D:2      | Reached skill level 5 in Shields
  5417 | D:6      | Found a stormy altar of Qazlal.
  5442 | D:6      | Found Dot Nohuhei's General Store.
  5495 | D:6      | Found Mubeydi's Antique Weapon Boutique.
  5538 | D:6      | Reached skill level 5 in Armour
  5657 | D:6      | Reached ** piety under Okawaru
  5657 | D:6      | Reached skill level 6 in Maces & Flails
  5709 | D:6      | Found Soblivet's Book Shoppe.
  5768 | D:6      | Found Urphacall's Antique Weapon Emporium.
  5853 | D:6      | Found Uremurr's Gadget Emporium.
  6087 | D:7      | Gained mutation: You have a pair of small horns on your head. [evolution]
  6119 | D:7      | Noticed a yak
  6120 | D:7      | Noticed a yak
  6120 | D:7      | Noticed a yak
  6121 | D:7      | Noticed a yak
  6132 | D:7      | Noticed a yak
  6132 | D:7      | Noticed a yak
  6141 | D:7      | Killed a yak
  6141 | D:7      | Reached XP level 9. HP: 55/66 MP: 9/9
  6160 | D:7      | Reached skill level 7 in Maces & Flails
  6168 | D:7      | HP: 1/67 [yak (7)]
  6174 | D:7      | Slain by a yak

Skill      XL: |  1  2  3  4  5  6  7  8  9 |
---------------+----------------------------+-----
Maces & Flails | 3 4 5 6 7 |  7.2
Dodging        | 1 2 3 |  3.6
Armour         | 4 5 |  5.5
Shields        | 4 6 |  6.6
Fighting       | 4 |  4.9
Stealth        | |  0.5
Invocations    | |  0.1

Action                   |  1- 3 |  4- 6 |  7- 9 || total
-------------------------+-------+-------+-------++-------
Melee: Flail             |   110 |   281 |   239 ||   630
       Headbutt          |       |       |     7 ||     7
Invok: Heroism           |       |       |     1 ||     1
  Use: Potion            |       |     6 |     2 ||     8
       Scroll            |       |       |     7 ||     7
  Eat: Chunk             |     1 |     8 |     7 ||    16
Armor: Scale mail        |     8 |       |       ||     8
       Ring mail         |    37 |   110 |    43 ||   190
Dodge: Dodged            |    30 |    86 |    51 ||   167
Block: Shield            |    62 |   214 |   165 ||   441
       Reflection        |       |     2 |       ||     2
